 Dungeon Crawl Stone Soup version 0.24.0-37-gcf1ca852f1 (webtiles) character file.

Game seed: 6721495403585373039, levelgen mode: deterministic

1142 FishyPogo the Caller (level 8, -11/58 HPs)
             Began as a Gnoll Summoner on Dec 7, 2019.
             Was a Priest of Wu Jian.
             Mangled by a two-headed ogre
             ... wielding a +0 giant club
              (21 damage)
             ... on level 8 of the Dungeon.
             The game lasted 00:26:44 (4978 turns).

FishyPogo the Caller (Gnoll Summoner)               Turns: 4978, Time: 00:26:44

Health: -11/58     AC:  9    Str: 18    XL:     8   Next: 37%
Magic:  3/17       EV: 14    Int: 21    God:    Wu Jian [***...]
Gold:   384        SH:  0    Dex: 17    Spells: 1/19 levels left

rFire    + . .     SeeInvis .   F - +5 trident of the Trees {flame, *Contam +Inv Str+4 Int+3}
rCold    . . .     Gourm    .   (no shield)
rNeg     . . .     Faith    .   n - +2 ring mail {rF+}
rPois    .         Spirit   .   B - +2 hat
rElec    .         Reflect  .   (no cloak)
rCorr    .         Harm     .   (no gloves)
MR       .....                  (no boots)
Stlth    ++........             (no amulet)
HPRegen  1.19/turn              o - +5 ring of strength
MPRegen  0.15/turn              z - -2 ring of strength (curse)

@: singing (expiring), regenerating
A: distributed training, fangs 1, strong nose
a: Wall Jump, Serpent's Lash, Renounce Religion, Evoke Invisibility


You were on level 8 of the Dungeon.
You worshipped Wu Jian.
Wu Jian was most pleased with you.
You were not hungry.

You visited 1 branch of the dungeon, and saw 8 of its levels.

You collected 384 gold pieces.

Inventory:

Hand Weapons
 d - a +0 whip
 E - a +2 flail of holy wrath
 F - the +5 trident of the Trees (weapon) {flame, *Contam +Inv Str+4 Int+3}
   (You found it on level 7 of the Dungeon)

   It has been specially enchanted to burn those struck by it, causing extra
   injury to most foes and up to half again as much damage against particularly
   susceptible opponents.
   It affects your strength (+4).
   It affects your intelligence (+3).
   It lets you turn invisible.
   It causes magical contamination when unequipped.
Missiles
 f - 147 stones (quivered)
 h - 17 poisoned darts
 k - 5 curare-tipped darts
 p - 4 boomerangs
 y - 7 atropa-tipped darts
Armour
 n - a +2 ring mail of fire resistance (worn)
 B - a +2 hat (worn)
Jewellery
 o - a +5 ring of strength (left hand)
 u - an uncursed ring of magical power
 x - a +4 ring of intelligence
 z - a cursed -2 ring of strength (right hand)
Wands
 r - a wand of random effects (2)
 s - a wand of flame (20)
 w - a wand of polymorph (5)
Scrolls
 a - 3 scrolls of identify
 b - a scroll of acquirement {unknown}
 e - 3 scrolls of remove curse
 i - 2 scrolls of noise {unknown}
 l - a scroll of magic mapping {unknown}
 m - a scroll of teleportation
 t - a scroll of enchant armour {unknown}
 v - a scroll of enchant weapon {unknown}
Potions
 g - 4 potions of degeneration
 j - 2 potions of lignification
 q - 2 potions of mutation
 C - a potion of heal wounds {unknown}
Comestibles
 c - 19 rations


   Skills:
 + Level 3.1 Fighting
 + Level 3.1 Short Blades
 + Level 3.1 Long Blades
 + Level 3.1 Axes
 + Level 3.1 Maces & Flails
 + Level 3.1 Polearms
 + Level 3.1 Staves
 + Level 3.1 Slings
 + Level 3.1 Bows
 + Level 3.1 Crossbows
 + Level 3.1 Throwing
 + Level 3.1 Armour
 + Level 5.6 Dodging
 + Level 5.3 Stealth
 + Level 3.1 Shields
 + Level 3.1 Unarmed Combat
 + Level 6.0 Spellcasting
 + Level 2.5 Conjurations
 + Level 2.5 Hexes
 + Level 2.5 Charms
 + Level 7.6 Summonings
 + Level 2.5 Necromancy
 + Level 2.5 Translocations
 + Level 2.5 Transmutations
 + Level 2.5 Fire Magic
 + Level 2.5 Ice Magic
 + Level 2.5 Air Magic
 + Level 2.5 Earth Magic
 + Level 2.5 Poison Magic
 + Level 3.4 Invocations
 + Level 3.1 Evocations


You had one spell level left.
You knew the following spells:

 Your Spells              Type           Power        Failure   Level  Hunger
h - Regeneration          Chrm/Necr      ###.......   19%         3    ##.....
k - Call Canine Familiar  Summ           #####...     2%          3    ##.....
l - Summon Lightning Spi  Summ/Air       ####....     21%         4    ####...
n - Spectral Weapon       Hex/Chrm       ###.....     19%         3    ##.....
p - Call Imp              Summ           #####...     1%          2    None
u - Song of Slaying       Chrm           ###.....     9%          2    None
y - Summon Small Mammal   Summ           ####         1%          1    None

Your spell library contained the following spells:

 Spells                   Type           Power        Failure   Level  Hunger
 Animate Skeleton         Necr           N/A          6%          1    None
 Apportation              Tloc           ###...       6%          1    None
 Confusing Touch          Hex            ###...       6%          1    None
 Infusion                 Chrm           ###.         6%          1    None
 Summon Guardian Golem    Hex/Summ       ####....     6%          3    ##.....
 Shroud of Golubria       Chrm/Tloc      ###...       9%          2    None
 Summon Ice Beast         Ice/Summ       ####....     21%         4    ####...


Dungeon Overview and Level Annotations

Branches:
Dungeon (8/15)             Temple (0/1) D:7
   Lair: D:8-11

Altars:
Ashenzari
Cheibriados
Dithmenos
Elyvilon
Gozag
Hepliaklqana
Kikubaaqudgha
Wu Jian
Xom
Yredelemnul

Shops:
D:5 }


Innate Abilities, Weirdness & Mutations

Your experience applies equally to all skills.
You have very sharp teeth.
Your uncanny sense of smell can sniff out nearby items.


Message History

* * * LOW HITPOINT WARNING * * *
Your lightning spire shoots out a bolt of lightning at the big kobold!
The bolt of electricity misses the gnoll.
The bolt of electricity hits the kobold!
The kobold dies!
The Council accepts your kill.
The bolt of electricity hits the big kobold.
The bolt of electricity hits the big kobold!
The big kobold dies!
The Council accepts your kill.
Your Spellcasting skill increases to level 6!
The bolt of electricity hits the gnoll!
The gnoll dies!
The Council accepts your kill.
Casting: Summon Lightning Spire (slightly dangerous; 21% risk of failure)
Confirm with . or Enter, or press ? or * to list all spells.
Your skin crawls.
Your lightning spire disappears in a puff of smoke!
The two-headed ogre hits you with a +0 giant club!!
You die...

#######
##.......
##........
#.........
#.........
#g@O......
#)).ยง.....
...g.......
###.........
#.>.......
#.........
#.........
#.........


You could see a two-headed ogre and 2 gnolls.

Vanquished Creatures
  Edmund (D:5)
  A phantom (D:6)
  A sky beast (D:7)
  A water moccasin zombie (D:6)
  A scorpion (D:6)
  A hound (D:7)
  A jelly (D:6)
  2 adders
  A worm (D:4)
  2 dart slugs
  A leopard gecko (D:8)
  2 orcs
  6 ball pythons
  3 bats
  A bat zombie (D:7)
  3 giant cockroaches
  6 goblins
  6 kobolds
  A quokka (D:7)
  A quokka skeleton (D:7)
  A rat (D:1)
  A rat zombie (D:7)
44 creatures vanquished.

Vanquished Creatures (collateral kills)
  Sigmund (D:5)
  Menkaure (D:4)
  A phantom (D:6)
  A necrophage (D:5)
  An ogre (D:4)
  A big kobold (D:8)
  A water moccasin skeleton (D:7)
  A scorpion (D:6)
  3 orc priests
  2 orc wizards (D:3)
  A bullfrog skeleton (D:7)
  2 worker ants (D:7)
  Ijyb (D:5)
  An iguana (D:7)
  A hound zombie (D:8)
  Robin (D:4)
  A gnoll (D:8)
  12 adders
  A shadow imp (D:5)
  An ooze (D:2)
  2 adder skeletons (D:4)
  A worm (D:3)
  2 dart slugs
  10 orcs
  A bat (D:1)
  2 giant cockroaches
  15 goblins
  11 hobgoblins
  4 jackals
  A quokka (D:5)
  4 ball pythons
  3 frilled lizards
  4 kobolds
  3 rats
98 creatures vanquished.

Vanquished Creatures (others)
  A spectral weapon (D:8)
1 creature vanquished.

Grand Total: 143 creatures vanquished

Notes
Turn   | Place    | Note
-------+----------+-------------------------------------------
     0 | D:1      | FishyPogo the Gnoll Summoner began the quest for the Orb.
     0 | D:1      | Reached XP level 1. HP: 13/13 MP: 6/6
   140 | D:1      | Reached XP level 2. HP: 11/19 MP: 3/7
   684 | D:2      | Reached XP level 3. HP: 7/25 MP: 6/9
   688 | D:2      | Reached skill level 5 in Spellcasting
   704 | D:2      | Learned a level 3 spell: Call Canine Familiar
   707 | D:2      | Learned a level 2 spell: Call Imp
   998 | D:2      | Reached skill level 1 in Invocations
  1113 | D:2      | Found a faded altar of an unknown god.
  1152 | D:2      | Became a worshipper of the Wu Jian Council
  1152 | D:2      | Reached * piety under Wu Jian
  1250 | D:3      | Reached skill level 1 in Fighting
  1250 | D:3      | Reached skill level 1 in Short Blades
  1250 | D:3      | Reached skill level 1 in Long Blades
  1250 | D:3      | Reached skill level 1 in Axes
  1250 | D:3      | Reached skill level 1 in Maces & Flails
  1250 | D:3      | Reached skill level 1 in Polearms
  1250 | D:3      | Reached skill level 1 in Staves
  1250 | D:3      | Reached skill level 1 in Slings
  1250 | D:3      | Reached skill level 1 in Bows
  1250 | D:3      | Reached skill level 1 in Crossbows
  1250 | D:3      | Reached skill level 1 in Throwing
  1250 | D:3      | Reached skill level 1 in Armour
  1250 | D:3      | Reached skill level 1 in Shields
  1250 | D:3      | Reached skill level 1 in Unarmed Combat
  1250 | D:3      | Reached skill level 1 in Evocations
  1270 | D:3      | Reached XP level 4. HP: 30/32 MP: 6/11
  1411 | D:3      | Found a shimmering altar of Xom.
  1455 | D:3      | Reached skill level 1 in Conjurations
  1455 | D:3      | Reached skill level 1 in Hexes
  1455 | D:3      | Reached skill level 1 in Charms
  1455 | D:3      | Reached skill level 1 in Necromancy
  1455 | D:3      | Reached skill level 1 in Translocations
  1455 | D:3      | Reached skill level 1 in Transmutations
  1455 | D:3      | Reached skill level 1 in Fire Magic
  1455 | D:3      | Reached skill level 1 in Ice Magic
  1455 | D:3      | Reached skill level 1 in Air Magic
  1455 | D:3      | Reached skill level 1 in Earth Magic
  1455 | D:3      | Reached skill level 1 in Poison Magic
  1486 | D:3      | Reached XP level 5. HP: 27/37 MP: 6/12
  1593 | D:3      | Reached ** piety under Wu Jian
  2050 | D:4      | Noticed an ogre
  2057 | D:4      | Killed an ogre
  2072 | D:4      | Found a white marble altar of Elyvilon.
  2288 | D:4      | Noticed Menkaure
  2304 | D:4      | Killed Menkaure
  2304 | D:4      | Reached XP level 6. HP: 27/44 MP: 13/13
  2505 | D:4      | Noticed Robin
  2550 | D:4      | Killed Robin
  2958 | D:5      | Entered Level 5 of the Dungeon
  2958 | D:5      | Found a shadowy altar of Dithmenos.
  2975 | D:5      | Noticed Sigmund
  3073 | D:5      | Found a hazy altar of Hepliaklqana.
  3128 | D:5      | Noticed Ijyb
  3136 | D:5      | Killed Ijyb
  3136 | D:5      | Reached skill level 5 in Dodging
  3173 | D:5      | Found a snail-covered altar of Cheibriados.
  3408 | D:5      | Killed Sigmund
  3416 | D:5      | Found Pigiupem's Gadget Shop.
  3423 | D:5      | Noticed a necrophage
  3424 | D:5      | Noticed Edmund
  3435 | D:5      | Killed a necrophage
  3435 | D:5      | Reached XP level 7. HP: 37/50 MP: 5/15
  3445 | D:5      | Killed Edmund
  3684 | D:6      | Reached *** piety under Wu Jian
  3711 | D:6      | Found a shattered altar of Ashenzari.
  3811 | D:6      | Learned a level 4 spell: Summon Lightning Spire
  3812 | D:6      | Reached skill level 5 in Stealth
  4467 | D:6      | Learned a level 3 spell: Regeneration
  4470 | D:6      | Learned a level 2 spell: Song of Slaying
  4502 | D:7      | Reached XP level 8. HP: 57/57 MP: 11/16
  4532 | D:7      | Learned a level 3 spell: Spectral Weapon
  4603 | D:7      | Got a shimmering trident
  4604 | D:7      | Identified the +5 trident of the Trees {flame, *Contam +Inv
                  | Str+4 Int+3} (You found it on level 7 of the Dungeon)
  4644 | D:7      | Found a staircase to the Ecumenical Temple.
  4795 | D:7      | Found a basalt altar of Yredelemnul.
  4795 | D:7      | Found an opulent altar of Gozag.
  4889 | D:7      | Found an ancient bone altar of Kikubaaqudgha.
  4966 | D:8      | Noticed a two-headed ogre
  4978 | D:8      | Mangled by a two-headed ogre

Levels and vault maps discovered:
D:1:      tarquinn_simple_flora_water_d, layout_basic
D:2:      cheibrodos_greedy_goblins, layout_rooms, first_ration,
          chequers_ecumenical_altar_island, hangedman_decor_diamond_cutter
D:3:      cheibrodos_helix_gallery, layout_loops_ring, xom_butterflies
D:4:      layout_loops_ring, elyvilon_altar_5, minmay_snake_closets, uniq_robin,
          uniq_menkaure
D:5:      layout_basic, overflow_temple_1_default,
          nicolae_overflow_crystal_walls, serial_shops,
          nicolae_shop_behind_doors, grunt_dithmenos_smoke_and_mirrors,
          uniq_sigmund, uniq_ijyb, uniq_edmund
D:6:      layout_gridville, ashenzari_altar_1
D:7:      layout_cave_pools, lemuel_zombie_altar_kikubaaqudgha,
          gammafunk_temple_overflow_elements, minmay_temple_entry_glass
D:8:      layout_rooms, chequers_temple_overflow_statue_of_worship,
          grunt_temple_overflow_diamond, dpeg_oklobed_lair

Skill      XL: |  1  2  3  4  5  6  7  8 |
---------------+-------------------------+-----
Spellcasting   | 5 6 |  6.0
Invocations    | 1 2 3 |  3.4
Fighting       | 1 2 3 |  3.1
Short Blades   | 1 2 3 |  3.1
Long Blades    | 1 2 3 |  3.1
Axes           | 1 2 3 |  3.1
Maces & Flails | 1 2 3 |  3.1
Polearms       | 1 2 3 |  3.1
Staves         | 1 2 3 |  3.1
Slings         | 1 2 3 |  3.1
Bows           | 1 2 3 |  3.1
Crossbows      | 1 2 3 |  3.1
Throwing       | 1 2 3 |  3.1
Armour         | 1 2 3 |  3.1
Shields        | 1 2 3 |  3.1
Unarmed Combat | 1 2 3 |  3.1
Evocations     | 1 2 3 |  3.1
Conjurations   | 1 2 |  2.5
Hexes          | 1 2 |  2.5
Charms         | 1 2 |  2.5
Necromancy     | 1 2 |  2.5
Translocations | 1 2 |  2.5
Transmutations | 1 2 |  2.5
Fire Magic     | 1 2 |  2.5
Ice Magic      | 1 2 |  2.5
Air Magic      | 1 2 |  2.5
Earth Magic    | 1 2 |  2.5
Poison Magic   | 1 2 |  2.5
Dodging        | 5 |  5.6
Stealth        | 5 |  5.3
Summonings     | |  7.6

Action                   |  1- 3 |  4- 6 |  7- 9 || total
-------------------------+-------+-------+-------++-------
Melee: Unarmed           |    14 |       |       ||    14
       Whip              |    56 |   100 |       ||   156
       Bite              |     3 |     9 |     8 ||    20
       Dagger            |       |     7 |       ||     7
       Punch             |       |     2 |     1 ||     3
       Scythe            |       |     3 |    43 ||    46
       Trident           |       |       |    25 ||    25
       Flail             |       |       |    12 ||    12
 Cast: Summon Small Mamm |    29 |     4 |       ||    33
       Call Imp          |     6 |    30 |     9 ||    45
       Call Canine Famil |     6 |    14 |     9 ||    29
       Spectral Weapon   |       |       |     5 ||     5
       Regeneration      |       |       |     1 ||     1
       Song of Slaying   |       |       |     1 ||     1
       Summon Lightning  |       |       |     1 ||     1
Invok: Whirlwind         |     7 |    24 |     1 ||    32
       Lunge             |     1 |    11 |     2 ||    14
  Use: Potion            |       |     5 |     1 ||     6
       Scroll            |       |     1 |     2 ||     3
 Stab: Sleeping          |     3 |     9 |     3 ||    15
       Distracted        |     2 |       |     1 ||     3
  Eat: Chunk             |     2 |     7 |     6 ||    15
Armor: Robe              |     9 |       |       ||     9
       Ring mail         |     7 |    42 |    23 ||    72
Dodge: Dodged            |    49 |    68 |    63 ||   180
